 Dungeon Crawl Stone Soup version 0.30-a0-141-g30f27751c5 (webtiles) character file.

Game seed: 16267502804955353300

42 qw the Shield-Bearer (level 3, -10/23 HPs)
             Began as a Gargoyle Fighter on Sept 25, 2022.
             Mangled by a hobgoblin
             ... wielding the +8 Wrath of Trog {antimagic, *Rage Rampage}
              (20 damage)
             ... on level 2 of the Dungeon.
             The game lasted 00:00:34 (2095 turns).

qw the Shield-Bearer (Gargoyle Fighter)             Turns: 2095, Time: 00:00:35

Health: -10/23     AC: 12    Str: 21    XL:     3   Next: 54%
Magic:  0/3        EV:  9    Int:  8    God:
Gold:   104        SH:  5    Dex: 15    Spells: 2/2 levels left

rFire   . . .      SeeInvis .    Y - +0 war axe
rCold   . . .      Faith    .    c - +0 buckler
rNeg    + + .      Spirit   .    b - +0 scale mail
rPois   inf        Reflect  .    (no helmet)
rElec   +          Harm     .    l - +0 cloak
rCorr   .          Rampage  .    (no gloves)
Will    .....                    p - +0 pair of boots
Stlth   ..........               (no amulet)
HPRegen 0.07/turn                h - ring of positive energy
MPRegen 0.08/turn                i - +6 ring of dexterity

@: no status effects
A: sickness immunity, AC +3, negative energy resistance 1, electricity
resistance, torment resistance 1, petrification resistance
a: no special abilities


You were on level 2 of the Dungeon.
You visited 1 branch of the dungeon, and saw 2 of its levels.

You collected 104 gold pieces.


Innate Abilities, Weirdness & Mutations

You are immune to sickness and miasma.
Your stone body is resilient. (AC +3)
You are immune to poison.
You resist negative energy. (rN+)
You are resistant to electric shocks. (rElec)
You are resistant to unholy torment.
You are immune to petrification.


   Skills:
 - Level 3.2 Fighting
 - Level 3.2 Axes
 - Level 3.2 Armour
 + Level 0.9 Dodging
 - Level 3.2 Shields


You had 2 spell levels left.
You didn't know any spells.
Your spell library was empty.

Inventory:

Hand Weapons
 o - a +0 whip
 Y - a +0 war axe (weapon)
Armour
 b - a +0 scale mail (worn)
 c - a +0 buckler (worn)
 l - a +0 cloak (worn)
 p - a +0 pair of boots (worn)
Jewellery
 h - a ring of positive energy (left hand)
 i - a +6 ring of dexterity (right hand)
Scrolls
 a - a scroll of enchant armour {unknown}
 f - 3 scrolls of silence {unknown}
Potions
 d - a potion of might
 e - a potion of brilliance {unknown}
 g - a potion of attraction {unknown}
 n - a potion of cancellation {unknown}

Dungeon Overview and Level Annotations

Branches:
Dungeon (2/15)

Altars:


Message History

You kill the goblin!
You closely miss the hobgoblin. The hobgoblin hits you.
The hobgoblin hits you but does no damage.
You hit the hobgoblin.
The hobgoblin is severely wounded.
You block the hobgoblin's attack.
You hit the hobgoblin.
You kill the hobgoblin!
You start resting.
HP restored.
Things that are here:
a +0 dagger; a hobgoblin corpse You now have 95 gold pieces (gained 17).
Found a stone staircase leading up.
Enter note:
Enter note:
Enter note:
Enter note:
Enter note:
Enter note:
Enter note:
f - 3 scrolls labelled ERCHIDWIO JAIHY You now have 104 gold pieces (gained 9).
There is a large open door here.
There is a large open door here.
A hobgoblin comes into view.
It is wielding the +8 Wrath of Trog {antimagic, *Rage Rampage}.
Enter note:
Enter note: The hobgoblin shouts!
You barely miss the hobgoblin.
The hobgoblin goes berserk!
The hobgoblin hits you with the +8 Wrath of Trog {antimagic, *Rage Rampage}!
Ouch! That really hurt!
You feel your power leaking away.
You hit the hobgoblin.
The hobgoblin is severely wounded.
The hobgoblin hits you with the +8 Wrath of Trog {antimagic, *Rage Rampage}!!
Ouch! That really hurt!
You die...

.......##.#.##.# #.#.##.# #.#
.......##.#....####.#.##.# #.#
.......##.#.^.....#.#.##.# #.#
.........>#.........#.##.#####.#
#########.#.......###.##.......#
...## #.#.......# #.##########
##..#####.#.##'####
..........#.##'######
###..####.#.#...@...# #
##..###.#.#...g#.## #
##.......#....# .# ## ####
########..###....# .. #~~##..#
......###.###....# ##..##~~~#..#
......# #..##....###...#~~~##..#
......# #...#.....#..~.~~~~~~..#
......# #.#.........~.~~~~~~...#
......# #.##.........~~~~~~~...#


You could see a hobgoblin (berserk).

Vanquished Creatures
  A dart slug (D:1)
  6 ball pythons
  3 endoplasms
  2 giant cockroaches (D:1)
  4 goblins
  4 hobgoblins
  3 kobolds
  2 quokkas (D:1)
  2 bats (D:1)
  5 frilled lizards
  A rat (D:1)
33 creatures vanquished.

Vanquished Creatures (others)
  3 plants (D:2)
3 creatures vanquished.

Grand Total: 36 creatures vanquished

Notes
Turn   | Place    | Note
-------+----------+-------------------------------------------
     0 | D:1      | qw the Gargoyle Fighter began the quest for the Orb.
     0 | D:1      | Reached XP level 1. HP: 14/14 MP: 1/1
     0 | D:1      | 0 ||| qw: Version: 0.2-a-10-g399e6c4
     0 | D:1      | 0 ||| qw: Game counter: 310
     0 | D:1      | 0 ||| qw: Always use a shield: true
     0 | D:1      | 0 ||| qw: God list: Okawaru
     0 | D:1      | 0 ||| qw: Allow faded altars: false
     0 | D:1      | 0 ||| qw: Do Orc after D:15 true
     0 | D:1      | 0 ||| qw: Do second Lair branch before Depths: true
     0 | D:1      | 0 ||| qw: Lair rune preference: random
     0 | D:1      | 0 ||| qw: Plans: Normal, Zot:1-4, God:TSO, Crypt, Tomb,
                  | Pan, Slime:5, Hells, Abyss, Orb
     0 | D:1      | 0 ||| PLANNING D:1-11
   452 | D:1      | Reached XP level 2. HP: 19/19 MP: 2/2
  1054 | D:1      | Reached skill level 3 in Axes
  1119 | D:1      | Reached XP level 3. HP: 22/23 MP: 3/3
  1508 | D:1      | 1508 ||| UPGRADING to +0 cloak.
  1513 | D:1      | 1513 ||| UPGRADING to +0 pair of boots.
  1518 | D:1      | 1518 ||| UPGRADING to ring of positive energy.
  1519 | D:1      | 1519 ||| UPGRADING to +6 ring of dexterity.
  1520 | D:1      | 1520 ||| READING scroll labelled BAL OGIWKE.
  1521 | D:1      | 1521 ||| READING scroll labelled AVICROO HAGO.
  1522 | D:1      | 1522 ||| READING scroll labelled BUMO GIGAUKH.
  1523 | D:1      | 1523 ||| READING scroll labelled FAASAT COYDGH.
  1526 | D:1      | 1526 ||| READING scroll labelled NUCIOV TAA.
  2095 | D:2      | Mangled by a hobgoblin

Levels and vault maps discovered:
D:1:      lemuel_arrival_funnel, layout_basic, nrook_mini_backslash
D:2:      layout_basic, serial_bayou_pond_a, chequers_big_river,
          minmay_tromino_mix6

Skill      XL: |  1  2 |
---------------+-------+-----
Axes           | 2 3 |  3.2
Fighting       | |  3.2
Armour         | |  3.2
Dodging        | |  0.9
Shields        | |  3.2

Action                   || total
-------------------------++-------
Melee: War axe           ||   117
  Use: Scroll            ||     5
Armor: Scale mail        ||    66
Dodge: Dodged            ||    51
Block: Buckler           ||    30

Table legend:
 A = Non-vault XP
 B = Vault XP
 C = Vault XP percentage of total XP
 D = Non-vault monster count
 E = Vault monster count
 F = Vault count percentage of total count
                 A         B        C        D         E       F
            +---------+---------+-------+---------+---------+-------
      Total |      60 |       0 |   0.0 |      33 |       0 |   0.0
            +---------+---------+-------+---------+---------+-------
        D:1 |      41 |       0 |   0.0 |      23 |       0 |   0.0
        D:2 |      19 |       0 |   0.0 |      10 |       0 |   0.0
            +---------+---------+-------+---------+---------+-------
